 Dungeon Crawl Stone Soup version 0.14-a0-1378-gf8e6a88 (webtiles) character file.

1683 PolkaDot the Conjurer (level 8, -3/52 HPs)
             Began as a Vampire Conjurer on Dec 9, 2013.
             Slain by July's ghost (5 damage)
             ... on Level 6 of the Dungeon.
             The game lasted 00:25:38 (6292 turns).

PolkaDot the Conjurer (Vampire Conjurer)            Turns: 6292, Time: 00:25:38

HP  -3/52        AC  5     Str 12      XL: 8   Next: 36%
MP  10/13        EV 12     Int 20      God:
Gold 332         SH  0     Dex 12      Spells:  3 memorised,  4 levels left

rFire  . . .     SeeInvis +     r - +0 cutlass
rCold  . . .     Clarity  .     a - +0 robe
rNeg   + . .     Conserve .     (no shield)
rPois  .         rCorr    .     (no helmet)
rElec  .         rRot     .     q - +1 dwarf cloak
SustAb . .       Spirit   .     m - +0 pair of gloves
rMut   .         Warding  .     (no boots)
Saprov . . .     Stasis   .     (no amulet)
                                y - ring of Stod {Str+5 Dex-2 Dam+8}
                                i - +1 ring of intelligence

@: confused, very slightly contaminated, somewhat resistant to hostile
enchantments, unstealthy
A: bottle blood, fangs 3, see invisible, unbreathing
a: Bat Form, Bottle Blood


You were on level 6 of the Dungeon.
You were not thirsty.

You visited 2 branches of the dungeon, and saw 7 of its levels.

You collected 332 gold pieces.

Inventory:

Hand weapons
 r - a +0,+0 cutlass (weapon)
Armour
 a - a +0 robe (worn)
 m - a +0 pair of gloves (worn)
 q - a +1 dwarven cloak (worn)
Magical devices
 o - a wand of flame (0)
 x - a wand of digging (8)
Scrolls
 b - a scroll of remove curse
 f - 2 scrolls of identify
 g - a scroll of curse armour {unknown}
 j - a scroll of random uselessness {unknown}
 k - 2 scrolls of enchant weapon II
 n - 2 scrolls of teleportation
 p - a scroll of enchant weapon I {unknown}
 t - a scroll of blinking {unknown}
 u - 2 scrolls of fog {unknown}
 v - a scroll of amnesia
 w - a scroll of recharging {unknown}
Jewellery
 i - a +1 ring of intelligence (left hand)
 y - the ring of Stod (right hand) {Str+5 Dex-2 Dam+8}
   (You found it on level 5 of the Dungeon)

   [ring of slaying]

   It affects your damage-dealing abilities (+8).
   It affects your strength (+5).
   It affects your dexterity (-2).
Potions
 h - 2 potions of restore abilities
Books
 c - a book of Conjurations

   Spells                             Type                      Level
   *Magic Dart                        Conjuration                  1
   *Searing Ray                       Conjuration                  2
   Dazzling Spray                     Conjuration/Hexes            3
   *Iskenderun's Mystic Blast         Conjuration                  4
   Iskenderun's Battlesphere          Conjuration/Charms           4
   Fulminant Prism                    Conjuration/Hexes            5
 e - a book of Envenomations

   Spells                             Type                      Level
   Spider Form                        Transmutation/Poison         3
   Poison Weapon                      Charms/Poison                3
   Summon Scorpions                   Summoning/Poison             4
   Olgreb's Toxic Radiance            Poison                       4
   Poisonous Cloud                    Conjuration/Poison/Air       6
 z - a book of Spatial Translocations

   Spells                             Type                      Level
   Apportation                        Translocation                1
   Portal Projectile                  Translocation                2
   Blink                              Translocation                2
   Shroud of Golubria                 Charms/Translocation         2
   Teleport Other                     Translocation                3
   Passage of Golubria                Translocation                4


   Skills:
 - Level 2.1 Dodging
 - Level 3.0 Stealth
 - Level 2.0 Spellcasting
 * Level 8.5 Conjurations


You had 4 spell levels left.
You knew the following spells:

 Your Spells              Type           Power        Failure   Level  Hunger
a - Magic Dart            Conj           ####         1%          1    #......
d - Iskenderun's Mystic   Conj           #####...     6%          4    #####..
s - Searing Ray           Conj           #####.       1%          2    ##.....


Dungeon Overview and Level Annotations

Branches:
Dungeon (6/16)             Temple (1/1) D:5

Altars:
Ashenzari
Cheibriados
Elyvilon
Fedhas
Makhleb
Nemelex Xobeh
Okawaru
Sif Muna
Trog
Xom
Yredelemnul
Zin

Annotations:
D:6 July's ghost, experienced SpEn


Innate Abilities, Weirdness & Mutations

You can bottle blood from corpses.
You have razor-sharp teeth.*
You have supernaturally acute eyesight.
You can survive without breathing.*


Message History

July's ghost is severely damaged.
July's ghost casts a spell at you. You resist.
July's ghost wails, "Death is your only future!"
July's ghost hits you but does no damage.
You swing at nothing.
July's ghost hits you but does no damage.
July's ghost closely misses you.
You swing at nothing.
July's ghost hits you but does no damage.
Wield which item (- for none, * to show all)? (? for menu, Esc to quit)
You are already wielding that!
Wield which item (- for none, * to show all)? (? for menu, Esc to quit)
Okay, then.
You swing at nothing.
July's ghost hits you but does no damage.
July's ghost hits you.
* * * LOW HITPOINT WARNING * * *
You swing at nothing.
July's ghost hits you.
You die...

#..###.########.#
#.........#..
#....#.......##.#
##.######.#..
############.##.# #.#
#.#.. #.##.######.# #.#..
#.##........# #....
#.########..# #....
#..........[# #....
##.###########.########..
........@p..........>....
##.###########.########.#
#.# #.. #.. #.# #.# #.#
#.###.##...# #....I(.....
#........... #...........
#...........


You could see July's ghost.

Vanquished Creatures
  A sky beast (D:4)
  An ogre (D:4)
  2 phantoms
  2 ice beasts (D:6)
  Sigmund (D:5)
  A crimson imp (D:3)
  A hound (D:3)
  A jelly (D:6)
  3 orc priests
  2 iguanas (D:4)
  A scorpion (D:5)
  Crazy Yiuf (D:3)
  5 worker ants
  4 orc wizards
  5 adders
  A steam dragon skeleton (D:5)
  2 giant mites
  2 worms
  A giant eyeball (D:5)
  4 giant geckos
  An ooze (D:5)
  14 orcs
  A ball python (D:1)
  9 bats
  11 goblins
  14 hobgoblins
  14 jackals
  5 kobolds (D:1)
  3 quokkas
  4 giant cockroaches
  A giant gecko skeleton (D:6)
  3 giant newts
  5 rats
  A rat skeleton (D:4)
127 creatures vanquished.

Notes
Turn   | Place    | Note
--------------------------------------------------------------
     0 | D:1      | PolkaDot, the Vampire Conjurer, began the quest for the Orb.
     0 | D:1      | Reached XP level 1. HP: 13/13 MP: 3/3
   216 | D:1      | Reached XP level 2. HP: 19/19 MP: 4/4
   345 | D:1      | Learned a level 2 spell: Searing Ray
  1091 | D:1      | Reached XP level 3. HP: 18/24 MP: 6/6
  1444 | D:2      | Reached skill level 4 in Conjurations
  1701 | D:2      | Found a shimmering altar of Xom.
  1717 | D:2      | Found a shimmering altar of Xom.
  1739 | D:2      | Reached XP level 4. HP: 22/30 MP: 1/7
  2206 | D:2      | Found a shimmering altar of Xom.
  2415 | D:3      | HP: 1/30 [poisoned by an adder]
  2668 | D:3      | Reached XP level 5. HP: 30/35 MP: 9/9
  3087 | D:3      | Learned a level 4 spell: Iskenderun's Mystic Blast
  3087 | D:3      | Noticed Crazy Yiuf
  3093 | D:3      | Killed Crazy Yiuf
  3093 | D:3      | Reached skill level 5 in Conjurations
  3483 | D:4      | Noticed a phantom
  3576 | D:4      | Killed a phantom
  3576 | D:4      | Reached XP level 6. HP: 26/41 MP: 5/10
  3691 | D:4      | Reached skill level 6 in Conjurations
  3801 | D:4      | Reached XP level 7. HP: 30/46 MP: 1/12
  3906 | D:5      | Entered Level 5 of the Dungeon
  4155 | D:5      | Found a staircase to the Ecumenical Temple.
  4175 | Temple   | Entered the Ecumenical Temple
  4665 | D:5      | Reached skill level 7 in Conjurations
  4839 | D:5      | Got a heavily runed lapis lazuli ring
  4889 | D:5      | Noticed Sigmund
  4896 | D:5      | Killed Sigmund
  5097 | D:4      | Found a basalt altar of Yredelemnul.
  5391 | D:4      | Noticed a sky beast
  5424 | D:4      | Killed a sky beast
  5424 | D:4      | Reached XP level 8. HP: 26/52 MP: 2/13
  5477 | D:4      | Reached skill level 8 in Conjurations
  5617 | D:4      | Identified the ring of Stod {Str+5 Dex-2 Dam+8} (You found it on level 5 of the Dungeon)
  6204 | D:6      | Noticed July's ghost (experienced SpEn)
  6284 | D:6      | HP: 2/52 [July's ghost (2)]
  6291 | D:6      | HP: 2/52 [July's ghost (1)]
  6292 | D:6      | Slain by July's ghost

Action                   |  1- 3 |  4- 6 |  7- 9 || total
-------------------------+-------+-------+-------++-------
Melee: Short sword       |   118 |    54 |       ||   172
       Cutlass           |       |    29 |   104 ||   133
 Cast: Magic Dart        |    10 |     4 |     3 ||    17
       Searing Ray       |     8 |    20 |    18 ||    46
       Iskenderun's Myst |       |       |     1 ||     1
Evoke: Wand              |       |       |     9 ||     9
  Use: Potion            |     2 |     1 |     9 ||    12
       Scroll            |     2 |     6 |     3 ||    11
 Stab: Sleeping          |     4 |     1 |     7 ||    12
